 Dungeon Crawl Stone Soup version 0.17.1-3-g152610e (webtiles) character file.

1736 Kokonut the Slicer (level 9, -2/51 HPs)
             Began as a Kobold Berserker on Feb 28, 2016.
             Was a Priest of Trog.
             Killed by divine providence
             ... invoked by an orc priest
              (10 damage)
             ... on level 6 of the Dungeon.
             The game lasted 00:25:25 (6179 turns).

Kokonut the Slicer (Kobold Berserker)               Turns: 6179, Time: 00:25:25

Health: -2/51      AC:  9    Str: 16    XL:     9   Next: 26%
Magic:  9/9        EV: 19    Int:  5    God:    Trog [***...]
Gold:   354        SH:  0    Dex: 18    Spells: 0 memorised, 8 levels left

rFire  + . .     SeeInvis .     q - +1 short sword (venom)
rCold  . . .     Clarity  .     x - +2 leather armour {rF+}
rNeg   . . .     SustAt   .     (shield restricted)
rPois  .         Gourm    .     B - +0 helmet
rElec  .         Spirit   .     F - +2 cloak
rCorr  .         Warding  .     (no gloves)
rMut   .         Stasis   .     (no boots)
MR     .....                    (no amulet)
Stlth  +++++.....               (no ring)
                                (no ring)

@: not resistant to hostile enchantments, quite stealthy
A: carnivore 3
a: Berserk, Trog's Hand, Burn Spellbooks, Renounce Religion


You were on level 6 of the Dungeon.
You worshipped Trog.
Trog was most pleased with you.
You were completely stuffed.

You visited 2 branches of the dungeon, and saw 8 of its levels.

You collected 354 gold pieces.

Inventory:

Hand Weapons
 a - a +0 short sword
 q - a +1 short sword of venom (weapon)
 w - a +0 hunting sling
 E - a +1 dagger of draining
 G - a +0 shortbow
Missiles
 i - 119 arrows
 m - 59 bolts
 t - 12 arrows of dispersal
Armour
 b - a +0 animal skin
 n - a +0 cloak
 x - a +2 leather armour of fire resistance (worn)
 B - a +0 helmet (worn)
 F - a +2 cloak (worn)
Wands
 z - a wand of flame (11)
 C - a wand of digging (20)
Scrolls
 e - 5 scrolls of remove curse {unknown}
 f - 3 scrolls of teleportation {unknown}
 g - a scroll of recharging {unknown}
 h - 3 scrolls of fog {unknown}
 j - a scroll of enchant weapon {unknown}
 k - 3 scrolls of identify {unknown}
 l - 2 scrolls of blinking {unknown}
 r - 5 scrolls of magic mapping {unknown}
Potions
 d - a potion of cancellation
 o - 2 potions of brilliance
 p - a potion of might {unknown}
 u - a potion of lignification {unknown}
 v - 3 potions of poison {unknown}
 A - a potion of ambrosia {unknown}
 D - a potion of invisibility {unknown}
Books
 y - a book of Battle

   Spells                             Type                      Level
   a - Infusion                       Charms                       1
   b - Shroud of Golubria             Charms/Translocation         2
   c - Song of Slaying                Charms                       2
   d - Spectral Weapon                Hexes/Charms                 3
   e - Regeneration                   Charms/Necromancy            3
   Trog disapproves of the use of such an item.
Comestibles
 c - 4 meat rations
 s - 5 chunks of flesh
 H - a slice of pizza


   Skills:
 - Level 3.2 Fighting
 + Level 10.1 Short Blades
 - Level 1.5 Armour
 + Level 6.3 Dodging
 * Level 10.1 Stealth


You had 8 spell levels left.
You didn't know any spells.

Dungeon Overview and Level Annotations

Branches:
Dungeon (7/15)             Temple (1/1) D:4

Altars:
Ashenzari
Cheibriados
Dithmenos
Elyvilon
Fedhas
Gozag
Kikubaaqudgha
Makhleb
Nemelex Xobeh
Okawaru
Qazlal
Ru
Sif Muna
Trog
Vehumet
Xom
Yredelemnul
Zin

Annotations:
D:6 Natasha


Innate Abilities, Weirdness & Mutations

You are small and have problems with some larger weapons.
You are carnivorous and can eat meat at any time.


Message History

You kill the giant frog!
Trog accepts your kill.
Your Stealth skill increases to level 10!
The orc moves out of view.
The orc priest calls down the wrath of Beogh upon you.
Something smites you! The orc misses you. The orc priest closely misses you.
You see here a giant frog corpse.
You hit the orc priest but do no damage.
The orc priest is poisoned.
The orc hits you with a flail!
* * * LOW HITPOINT WARNING * * *
You hit the orc priest but do no damage.
The orc priest looks even sicker.
The orc priest barely misses you.
The crimson imp blinks!
You hit the orc priest but do no damage.
The orc priest is lightly wounded.
The orc hits you but does no damage.
The orc priest invokes the aid of Beogh against you.
Something smites you!
You die...

♣♣####.# ..#.5..
.....# .....
#...## #.... #'#§#
#.oo#
###############@#
#......'.#<[.##.#
##......#.##[.##.#
........#.....##.#
........#####.##.#
..............##.#
....##########.#.#
##### ##>## #.#.#
#8...8##.#.#


You could see an orc priest, a crimson imp and an orc.

Vanquished Creatures
  A hippogriff (D:7)
  An orc warrior (D:6)
  A sky beast (D:5)
  A phantom (D:5)
  An ice beast (D:5)
  A centaur (D:5)
  3 ogres
  A giant frog (D:6)
  5 wights (D:6)
  A crimson imp (D:6)
  A giant frog zombie (D:5)
  A hound (D:4)
  A giant frog skeleton (D:5)
  An orc priest (D:5)
  4 jellies
  2 orc wizards
  3 worker ants
  Natasha (D:3)
  An iguana (D:6)
  A hound zombie (D:5)
  5 adders
  2 shadow imps
  An ooze (D:2)
  A worm (D:5)
  2 giant geckos
  14 orcs
  5 giant cockroaches
  9 hobgoblins
  4 quokkas
  A sheep (D:5)
  2 ball pythons (D:2)
  A ball python zombie (D:6)
  7 bats
  4 giant newts
  8 goblins
  7 jackals
  8 kobolds
  10 rats
123 creatures vanquished.

Notes
Turn   | Place    | Note
--------------------------------------------------------------
     0 | D:1      | Kokonut the Kobold Berserker began the quest for the Orb.
     0 | D:1      | Reached XP level 1. HP: 14/14 MP: 1/1
    74 | D:1      | Reached XP level 2. HP: 13/19 MP: 2/2
   658 | D:2      | Reached skill level 5 in Short Blades
   689 | D:2      | Reached XP level 3. HP: 6/23 MP: 3/3
   692 | D:2      | Reached ** piety under Trog
  1024 | D:2      | Reached skill level 6 in Short Blades
  1024 | D:2      | Reached XP level 4. HP: 18/28 MP: 4/4
  1684 | D:3      | Noticed Natasha
  1695 | D:3      | Killed Natasha
  1880 | D:3      | Reached XP level 5. HP: 32/32 MP: 5/5
  1927 | D:3      | Reached skill level 7 in Short Blades
  2061 | D:4      | Noticed an ogre
  2091 | D:3      | Reached *** piety under Trog
  2119 | D:4      | Found a burning altar of Makhleb.
  2125 | D:5      | Entered Level 5 of the Dungeon
  2527 | D:3      | Reached skill level 8 in Short Blades
  2724 | D:5      | Reached skill level 1 in Stealth
  2724 | D:5      | Reached XP level 6. HP: 25/37 MP: 6/6
  2957 | D:4      | Killed an ogre
  3030 | D:4      | Found a staircase to the Ecumenical Temple.
  3042 | Temple   | Entered the Ecumenical Temple
  3384 | D:4      | Reached XP level 7. HP: 32/41 MP: 7/7
  3562 | D:5      | Noticed a phantom
  3637 | D:5      | Killed a phantom
  3791 | D:5      | Noticed an ice beast
  3797 | D:5      | Killed an ice beast
  3797 | D:5      | Reached skill level 5 in Stealth
  3851 | D:5      | Found a shimmering altar of Xom.
  4106 | D:5      | Reached XP level 8. HP: 22/46 MP: 8/8
  4192 | D:5      | Noticed a sky beast
  4207 | D:5      | Killed a sky beast
  4207 | D:5      | Reached skill level 9 in Short Blades
  4705 | D:5      | Reached skill level 5 in Dodging
  5182 | D:6      | Noticed Natasha
  5308 | D:6      | HP: 2/46 [iguana (4)]
  5316 | D:6      | HP: 1/46 [wight/enchanted spear (2)]
  5748 | D:6      | Found a shadowy altar of Dithmenos.
  5771 | D:7      | Reached XP level 9. HP: 34/51 MP: 9/9
  6066 | D:6      | Found a shimmering altar of Xom.
  6067 | D:6      | Found a white marble altar of Elyvilon.
  6137 | D:6      | Reached skill level 10 in Short Blades
  6175 | D:6      | Reached skill level 10 in Stealth
  6179 | D:6      | Killed from afar by an orc priest

Action                   |  1- 3 |  4- 6 |  7- 9 || total
-------------------------+-------+-------+-------++-------
Melee: Short sword       |   114 |   173 |   229 ||   516
       Dagger            |       |       |    23 ||    23
Invok: Berserk           |     1 |     2 |     6 ||     9
       Trog's Hand       |     1 |       |     2 ||     3
  Use: Potion            |     2 |       |     4 ||     6
 Stab: Sleeping          |     1 |     2 |     3 ||     6
  Eat: Chunk             |    10 |     9 |    16 ||    35
